 Dungeon Crawl Stone Soup version 0.18.1-50-g88ac8fd (webtiles) character file.

13856 Chiseanne the Spry (level 11, 58/58 HPs)
             Began as a Spriggan Assassin on Mar 30, 2017.
             Was an Initiate of Gozag.
             Quit the game on level 11 of the Dungeon.
             The game lasted 00:52:53 (14157 turns).

Chiseanne the Spry (Spriggan Assassin)             Turns: 14157, Time: 00:52:54

Health: 58/58      AC:  6    Str:  7    XL:     11   Next: 81%
Magic:  12/12      EV: 34    Int: 13    God:    Gozag
Gold:   105        SH:  0    Dex: 21    Spells: 1 memorised, 9 levels left

rFire  . . .     SeeInvis +     (weapon restricted)
rCold  . . .     Gourm    .     r - +2 robe "Catezati" {rElec Regen+ rCorr Int+4}
rNeg   + . .     Faith    .     (shield restricted)
rPois  +         Spirit   .     (helmet restricted)
rElec  +         Dismiss  .     I - +1 ratskin cloak {rPois rN+ Int-1 Dex-1}
rCorr  +         Reflect  .     (gloves unavailable)
SustAt .         Harm     +     (boots unavailable)
MR     +....                    x - amulet of harm
Stlth  +++++++...               (no ring)
                                (no ring)

@: very quick, somewhat resistant to hostile enchantments, extremely stealthy
A: unfitting armour, talons 1, see invisible, dopey 1, herbivore 3, speed 3,
slow metabolism 2, MP-powered wands
a: Potion Petition, Call Merchant, Bribe Branch, Renounce Religion


You were on level 11 of the Dungeon.
You worshipped Gozag.
Gozag was noncommittal.
You were not hungry.

You visited 2 branches of the dungeon, and saw 13 of its levels.
You also visited: Labyrinth and Sewer.

You collected 2305 gold pieces.
You spent 1128 gold pieces at shops.
You paid 1072 gold pieces to Gozag.

Inventory:

Hand Weapons
 a - a +3 dagger of venom
 e - a +3 hunting sling of velocity
 f - a +2 dagger of chaos
 s - a +2 quarterstaff of chaos
 w - a +0 blowgun
 G - a +1 hand axe of electrocution
 N - a +1 vampiric rapier
Missiles
 b - 245 stones
 j - 38 bolts
 l - 113 arrows
 q - 38 sling bullets
 B - 4 tomahawks
 C - a throwing net (quivered)
 F - 45 poisoned needles
Armour
 r - the +2 robe "Catezati" (worn) {rElec Regen+ rCorr Int+4}
   (You bought it in a shop on level 8 of the Dungeon)

   It affects your intelligence (+4).
   It insulates you from electricity.
   It increases your rate of regeneration.
   It protects you from acid and corrosion.
 u - a +0 buckler
 I - the +1 ratskin cloak (worn) {rPois rN+ Int-1 Dex-1}
   (You bought it in a shop on level 8 of the Dungeon)

   It affects your intelligence (-1).
   It affects your dexterity (-1).
   It protects you from poison.
   It protects you from negative energy.
 R - the +2 robe "Efu Zeph" {-Cast MR+ Str+4}
   (You found it in a labyrinth)

   It affects your strength (+4).
   It affects your resistance to hostile enchantments.
   It prevents spellcasting.
Jewellery
 x - an amulet of harm (around neck)
 O - an uncursed amulet of regeneration
Wands
 h - a wand of teleportation (7/9)
 M - a wand of lightning (7/15)
 P - a wand of paralysis (18/24)
Scrolls
 i - 4 scrolls of teleportation
 k - 5 scrolls of amnesia
 o - 4 scrolls of remove curse
 t - a scroll of enchant weapon
 y - a scroll of immolation
Potions
 c - 2 potions of lignification
 p - 9 potions of flight
 z - 4 potions of curing
 A - 2 potions of brilliance
 D - a potion of berserk rage
 H - a potion of cancellation
 K - a potion of haste
 L - a potion of magic
Books
 d - a book of the Sky

   Spells                             Type                      Level
   a - Summon Lightning Spire         Summoning/Air                4
   b - Airstrike                      Air                          4
   c - Silence                        Hexes/Air                    5
   d - Deflect Missiles               Charms/Air                   6
   e - Conjure Ball Lightning         Conjuration/Air              6
   f - Tornado                        Air                          9
 m - a book of Alchemy

   Spells                             Type                      Level
   a - Sublimation of Blood           Necromancy                   2
   b - Ignite Poison                  Fire/Transmutation/Poison    3
   c - Petrify                        Transmutation/Earth          4
   d - Alistair's Intoxication        Transmutation/Poison         5
   e - Irradiate                      Conjuration/Transmutation    5
 v - a book of Death

   Spells                             Type                      Level
   a - Corpse Rot                     Necromancy                   2
   b - Sublimation of Blood           Necromancy                   2
   c - Agony                          Necromancy                   5
   d - Dispel Undead                  Necromancy                   5
   e - Excruciating Wounds            Charms/Necromancy            5
   f - Bolt of Draining               Conjuration/Necromancy       5
Comestibles
 g - 10 bread rations
 J - 6 royal jellies


   Skills:
 + Level 6.8 Fighting
 - Level 2.1 Short Blades
 * Level 7.8(9.4) Slings
 - Level 7.0(8.1) Throwing
 * Level 15.9 Dodging
 + Level 14.3 Stealth


You had 9 spell levels left.
You knew the following spells:

 Your Spells              Type           Power        Failure   Level  Hunger
a - Apportation           Tloc           #.........   30%         1    ##.....


Dungeon Overview and Level Annotations

Branches:
Dungeon (12/15)            Temple (1/1) D:6            Lair (0/8) D:8
    Orc: D:9-12

Altars:
Ashenzari
Cheibriados
Dithmenos
Elyvilon
Fedhas
Gozag
Kikubaaqudgha
Makhleb
Nemelex Xobeh
Okawaru
Pakellas
Qazlal
Ru
Sif Muna
Trog
Vehumet
Xom
Yredelemnul
Zin
The Shining One

Shops:
D:8 [   D:9 *   D:11 (

Annotations:
D:12 Chiseanne's ghost, journeyman SpAs


Innate Abilities, Weirdness & Mutations

You are tiny and cannot use many weapons and most armour.
You have supernaturally acute eyesight.
You are a herbivore.
You cover ground extremely quickly.
You need consume almost no food.
You have sharp toenails.
You are dopey. (Int -2)
You expend magic power (3 MP) to strengthen your wands.


Message History

Wield which item (- for none, * to show all)? (? for menu, Esc to quit)
Okay, then.
Read which item? (? for menu, Esc to quit)
Identify which item? (\ to view known items) (? for menu, Esc to quit)
As you read the scroll of identify, it crumbles to dust.
E - the cursed +0 scimitar of Kibuab {freeze, *Contam rPois rF+++ rN+} Drop what? 42/52 slots (_ for help) (? for menu, Esc to quit)
You drop the cursed +0 scimitar of Kibuab {freeze, *Contam rPois rF+++ rN+}.
Read which item? (? for menu, Esc to quit)
Okay, then.
Wield which item (- for none, * to show all)? (? for menu, Esc to quit)
You feel a dreadful hunger.
N - a +1 vampiric rapier (weapon)
Drop what? 41/52 slots (_ for help) (? for menu, Esc to quit)
Really unwield
N - a +1 vampiric rapier?
You feel the dreadful sensation subside.
You are now empty-handed.
You drop a +1 vampiric rapier.
You see here a +1 vampiric rapier.
N - a +1 vampiric rapier Are you sure you want to abandon this character and quit the game? (Confirm with "yes".)

###....# ###########.......#
..'....# #.........#.......#
..#....# #.........#.......#
..#....# #.........#.......###
..#....# #####'####..#..........
###....# #.......##'######'##...
..#....# #.......#....#.....+...
..'....# #......)#....'.....#...
..#....####.....@∩#....#.....#...
###..............>'...##.....#...
#...............#...##.....#...
#...............#...##.....#...
#..............<#..........#...
#...............#...##.....####
#...............#...##.....##..
###'#####.......#...##.........
#....# #....[..#...##.....##..


There were no monsters in sight!

Vanquished Creatures
  A minotaur (Lab)
  Harold (D:12)
  An unseen horror (D:10)
  2 hill giants (D:12)
  An orc knight (D:11)
  Joseph (D:9)
  Maurice (D:8)
  Psyche (D:8)
  A centaur zombie (D:11)
  A troll (D:11)
  A shadow (D:11)
  A wyvern (D:10)
  A water elemental (D:11)
  10 yaks
  A vampire (D:11)
  2 hippogriffs
  3 vampire mosquitoes (D:12)
  Menkaure (D:5)
  A water moccasin (D:10)
  4 ice beasts
  3 orc warriors
  A sky beast (D:11)
  7 ogres
  A wasp (D:11)
  A necrophage (D:9)
  2 centaurs
  Blork the orc (D:5)
  3 big kobolds
  A giant frog (D:10)
  6 scorpions
  A water moccasin skeleton (D:10)
  27 killer bees
  10 wights
  3 howler monkeys (D:7)
  5 crimson imps
  2 jellies
  2 giant frog skeletons
  4 centaur skeletons
  4 hounds
  Crazy Yiuf (D:2)
  Ijyb (D:2)
  An iguana (D:8)
  6 orc wizards
  A siren (Sewer)
  10 worker ants
  A hound zombie (D:11)
  2 hound skeletons (D:5)
  A worker ant zombie (D:10)
  10 gnolls
  13 adders
  4 river rats (Sewer)
  3 shadow imps
  An adder skeleton (D:6)
  A worm (D:2)
  3 dart slugs
  14 giant geckos
  41 orcs
  11 giant cockroaches
  5 hobgoblins
  3 jackals
  2 quokkas
  3 ball pythons
  4 bats
  10 giant newts
  3 goblins
  A jackal skeleton (D:6)
  25 kobolds
  A quokka skeleton (D:5)
  24 rats
326 creatures vanquished.

Notes
Turn   | Place    | Note
--------------------------------------------------------------
     0 | D:1      | Chiseanne the Spriggan Assassin began the quest for the Orb.
     0 | D:1      | Reached XP level 1. HP: 10/10 MP: 2/2
   423 | D:1      | Reached skill level 2 in Dodging
   469 | D:1      | Reached XP level 2. HP: 5/15 MP: 3/3
   851 | D:2      | Noticed Ijyb
   855 | D:2      | Killed Ijyb
   855 | D:2      | Reached skill level 3 in Dodging
   855 | D:2      | Reached XP level 3. HP: 18/18 MP: 4/4
   894 | D:2      | Learned a level 1 spell: Apportation
  1026 | D:2      | Reached XP level 4. HP: 23/23 MP: 5/5
  1642 | D:2      | Noticed Crazy Yiuf
  1665 | D:2      | Killed Crazy Yiuf
  1665 | D:2      | Reached skill level 4 in Dodging
  1939 | D:3      | Found a white marble altar of Elyvilon.
  2018 | D:3      | Found a radiant altar of Vehumet.
  2019 | D:3      | Found a burning altar of Makhleb.
  2044 | D:3      | Reached XP level 5. HP: 13/26 MP: 6/6
  2270 | D:3      | Found a glowing drain.
  2293 | Sewer    | Entered a sewer
  2420 | Sewer    | Reached skill level 5 in Dodging
  2755 | Sewer    | Reached XP level 6. HP: 32/32 MP: 7/7
  2869 | Sewer    | Gained mutation: You expend magic power (3 MP) to strengthen your wands. [potion of mutation]
  2869 | Sewer    | Gained mutation: You are dopey. (Int -2) [potion of mutation]
  2869 | Sewer    | Gained mutation: You have sharp toenails. [potion of mutation]
  2912 | Sewer    | Got a smoking quarterstaff
  2924 | D:3      | Identified the +1 quarterstaff "Ibomige" {crush, *Noise +Blink rN+} (You found it in a sewer)
  3620 | D:4      | Reached skill level 6 in Dodging
  3702 | D:4      | Found an ancient bone altar of Kikubaaqudgha.
  4186 | D:4      | Reached XP level 7. HP: 35/35 MP: 8/8
  4344 | D:4      | Reached skill level 7 in Dodging
  4493 | D:5      | Entered Level 5 of the Dungeon
  4493 | D:5      | Noticed Blork the orc
  4499 | D:5      | Killed Blork the orc
  4584 | D:5      | Found a shadowy altar of Dithmenos.
  4584 | D:5      | Noticed Menkaure
  4595 | D:5      | Killed Menkaure
  4792 | D:5      | Reached skill level 8 in Dodging
  5246 | D:6      | Reached XP level 8. HP: 37/40 MP: 9/9
  5251 | D:6      | Found a sacrificial altar of Ru.
  5268 | D:6      | Reached skill level 10 in Stealth
  5502 | D:6      | Found a staircase to the Ecumenical Temple.
  5509 | Temple   | Entered the Ecumenical Temple
  5535 | Temple   | Became a worshipper of Gozag Ym Sagoz the Greedy
  5842 | D:7      | Reached skill level 9 in Dodging
  6309 | D:7      | Reached skill level 10 in Dodging
  6365 | D:7      | Reached skill level 5 in Throwing
  6607 | D:7      | Reached XP level 9. HP: 33/45 MP: 10/10
  7231 | D:7      | Reached skill level 11 in Dodging
  7467 | D:8      | Found a staircase to the Lair.
  7473 | D:8      | Noticed Maurice
  7609 | D:8      | Killed Maurice
  7703 | D:8      | Found a stormy altar of Qazlal.
  7839 | D:8      | Noticed Psyche
  7866 | D:8      | Killed Psyche
  7866 | D:8      | Reached skill level 5 in Fighting
  7866 | D:8      | Reached skill level 12 in Dodging
  8623 | D:8      | Bought a faintly humming robe for 159 gold pieces
  8635 | D:8      | Identified the +2 robe "Catezati" {rElec Regen+ rCorr Int+4} (You bought it in a shop on level 8 of the Dungeon)
  9201 | D:9      | Reached XP level 10. HP: 29/51 MP: 11/11
  9407 | D:9      | Noticed Joseph
  9428 | D:9      | Killed Joseph
  9523 | D:9      | Found Oneesakh's Assorted Antiques.
  9726 | D:9      | Reached skill level 13 in Dodging
  9853 | D:10     | Entered Level 10 of the Dungeon
  9909 | D:10     | Noticed an unseen horror
  9915 | D:10     | Killed an unseen horror
 10072 | D:10     | Reached skill level 1 in Slings
 10197 | D:10     | Reached skill level 14 in Dodging
 10348 | D:8      | Bought the +1 ratskin cloak {rPois rN+ Int-1 Dex-1} for 579 gold pieces
 11325 | D:11     | Reached XP level 11. HP: 54/56 MP: 12/12
 11670 | D:11     | Noticed an orc knight
 11701 | D:11     | Killed an orc knight
 11701 | D:11     | Reached skill level 5 in Slings
 12010 | D:11     | Reached skill level 15 in Dodging
 12429 | D:12     | Found a labyrinth entrance.
 12430 | D:12     | Noticed Chiseanne's ghost (journeyman SpAs)
 12435 | Lab      | Entered a labyrinth
 13239 | Lab      | Noticed a minotaur
 13417 | Lab      | Killed a minotaur
 13460 | Lab      | Got a thick robe
 13463 | Lab      | Identified the +2 robe "Efu Zeph" {-Cast MR+ Str+4} (You found it in a labyrinth)
 13524 | D:12     | Noticed a hill giant
 13540 | D:12     | Noticed Harold
 13550 | D:12     | Noticed a hill giant
 13606 | D:12     | Killed a hill giant
 13645 | D:12     | Killed Harold
 13677 | D:12     | Killed a hill giant
 14148 | D:11     | Bought an ebony scimitar for 270 gold pieces
 14148 | D:11     | Bought a glowing rapier for 120 gold pieces
 14149 | D:11     | Identified the cursed +0 scimitar of Kibuab {freeze, *Contam rPois rF+++ rN+} (You bought it in a shop on level 11 of the Dungeon)
 14157 | D:11     | Quit the game

Skill      XL: |  1  2  3  4  5  6  7  8  9 10 11 |
---------------+----------------------------------+-----
Dodging        | 2 3 4 5 6 8 10 12 14 15 | 15.9
Stealth        | 6 7 8 9 11 12 13 14 | 14.3
Fighting       | 2 3 4 5 6 |  6.8
Throwing       | 3 4 5 6 7 |  7.0
Slings         | 4 7 |  7.8
Short Blades   | |  2.1

Action                   |  1- 3 |  4- 6 |  7- 9 | 10-12 || total
-------------------------+-------+-------+-------+-------++-------
Melee: Dagger            |    51 |   103 |   251 |   192 ||   597
       Quarterstaff      |       |    96 |    52 |   132 ||   280
       Kick              |       |     6 |    93 |    79 ||   178
 Fire: Blowgun           |       |    49 |     4 |    57 ||   110
       Hunting sling     |       |       |       |   228 ||   228
Throw: Tomahawk          |       |     1 |    21 |     9 ||    31
       Stone             |       |       |     6 |       ||     6
       Throwing net      |       |       |     4 |     1 ||     5
Invok: Call Merchant     |       |       |     1 |     1 ||     2
       Potion Petition   |       |       |       |     1 ||     1
Evoke: Wand              |       |     3 |       |     3 ||     6
  Use: Scroll            |     3 |     4 |    13 |    11 ||    31
       Potion            |       |     3 |     5 |     4 ||    12
 Stab: Sleeping          |     7 |    28 |    26 |    22 ||    83
       Distracted        |       |     1 |     7 |     3 ||    11
       Petrifying        |       |     1 |       |     1 ||     2
       Held in net/web   |       |       |     1 |       ||     1
       Petrified         |       |       |       |     2 ||     2
  Eat: Pizza             |       |     2 |     2 |     1 ||     5
       Royal jelly       |       |       |     2 |     1 ||     3
       Fruit             |       |       |       |     4 ||     4
Armor: Robe              |     8 |    23 |    15 |    20 ||    66
       Skin              |       |       |       |    10 ||    10
Dodge: Dodged            |    30 |   217 |   268 |   451 ||   966
